 Dungeon Crawl Stone Soup version 0.19.4-8-ga85b6b9 (webtiles) character file.

378 winWinterter the Chopper (level 7, -6/55 HPs)
             Began as a Formicid Fighter on Feb 14, 2017.
             Killed by nerve-wracking pain
             ... invoked by Grinder
              (14 damage)
             ... on level 6 of the Dungeon.
             The game lasted 00:04:41 (2644 turns).

winWinterter the Chopper (Formicid Fighter)         Turns: 2644, Time: 00:04:42

Health: -6/55      AC:  7    Str: 19 (20) XL:     7   Next: 4%
Magic:  7/7        EV:  8    Int:  7 (8)  God:
Gold:   182        SH:  9    Dex:  9 (12) Spells: 0 memorised, 6 levels left

rFire  . . .     SeeInvis +     a - +0 war axe
rCold  . . .     Gourm    .     b - +0 scale mail
rNeg   . . .     Faith    .     c - +0 shield
rPois  .         Spirit   .     (helmet unavailable)
rElec  .         Reflect  .     (no cloak)
rCorr  .         Harm     .     (no gloves)
MR     .....                    (no boots)
Stlth  ..........               (no amulet)
                                (no ring)
                                (no ring)

@: no status effects
A: permanent stasis, dig shafts and tunnels, four strong arms, antennae 3
a: Dig, Shaft Self


You were on level 6 of the Dungeon.
You were not hungry.

You visited 1 branch of the dungeon, and saw 5 of its levels.

You collected 182 gold pieces.

Inventory:

Hand Weapons
 a - a +0 war axe (weapon)
Armour
 b - a +0 scale mail (worn)
 c - a +0 shield (worn)
Scrolls
 g - a scroll of immolation {unknown}
 k - 4 scrolls of identify {unknown}
 l - a scroll of teleportation {unknown}
 n - a scroll of noise {unknown}
 q - a scroll of recharging {unknown}
Potions
 o - a potion of curing
 p - a potion of resistance
Comestibles
 f - 3 bread rations


   Skills:
 * Level 4.4 Fighting
 * Level 5.1 Axes
 + Level 4.0 Armour
 + Level 1.4 Dodging
 + Level 4.6 Shields


You had 6 spell levels left.
You didn't know any spells.

Dungeon Overview and Level Annotations

Branches:
Dungeon (6/15)
 Temple: D:4-7

Altars:
Hepliaklqana
Trog
Uskayaw

Annotations:
D:6 Grinder


Innate Abilities, Weirdness & Mutations

You are under a permanent stasis effect.
You can dig through walls and to a lower floor.
Your four strong arms can wield two-handed weapons with a shield.
You have a pair of large antennae on your head. (SInv)


Message History

You climb downwards.
You hear the sound of rushing water.
There is an entrance to a sewer on this level.
Hurry and find it before the portal rusts away!
You hear the rusting of a very distant drain.
You feel sick.
You are no longer poisoned.
Found 15 gold pieces.
Found an escape hatch in the ceiling.
There is a stone staircase leading up here.
You are confused.
You feel invigorated. Grinder hits you!
* * * LOW HITPOINT WARNING * * *
You writhe in agony.
* * * LOW HITPOINT WARNING * * *
You feel better.
You feel less invigorated. Grinder hits you but does no damage.
Grinder hits you.
* * * LOW HITPOINT WARNING * * *
Grinder grins, showing sharp teeth.
Grinder gestures at you. Pain shoots through your body!
You die...

.... ...##..
#.... ......##
....##......###
###............##
.................
.................
.......<.........
######.5...$.....
#...@.......
#............
#.........<..
#............
#............
#.......#....
.....#.......
...... .......


You could see Grinder.

Vanquished Creatures
  An ogre (D:5)
  A scorpion (D:5)
  A crimson imp (D:5)
  A jelly (D:5)
  Jessica (D:3)
  8 adders
  2 oozes
  A worm (D:2)
  A dart slug (D:3)
  A leopard gecko (D:1)
  3 orcs
  11 bats
  5 giant cockroaches
  4 goblins (D:2)
  5 hobgoblins
  8 jackals
  2 quokkas
  2 ball pythons (D:3)
  7 frilled lizards
  5 kobolds
  A leopard gecko zombie (D:6)
  11 rats
82 creatures vanquished.

Notes
Turn   | Place    | Note
-------+----------+-------------------------------------------
     0 | D:1      | winWinterter the Formicid Fighter began the quest for the Orb.
     0 | D:1      | Reached XP level 1. HP: 18/18 MP: 1/1
   202 | D:1      | Reached XP level 2. HP: 20/24 MP: 2/2
   816 | D:1      | Reached XP level 3. HP: 29/29 MP: 3/3
   943 | D:2      | Found a hide-covered altar of Uskayaw.
  1134 | D:2      | Reached XP level 4. HP: 35/37 MP: 4/4
  1139 | D:2      | Found a hazy altar of Hepliaklqana.
  1296 | D:2      | Reached skill level 3 in Axes
  1641 | D:3      | Found a bloodstained altar of Trog.
  1709 | D:3      | Reached skill level 1 in Dodging
  1767 | D:3      | Noticed Jessica
  1779 | D:3      | Killed Jessica
  1779 | D:3      | Reached XP level 5. HP: 26/42 MP: 5/5
  2321 | D:3      | You fall through a shaft for 3 floors!
  2330 | D:6      | Reached skill level 4 in Axes
  2445 | D:5      | Entered Level 5 of the Dungeon
  2557 | D:5      | Noticed an ogre
  2564 | D:5      | Killed an ogre
  2564 | D:5      | Reached XP level 6. HP: 45/49 MP: 6/6
  2621 | D:5      | Reached skill level 5 in Axes
  2621 | D:5      | Reached XP level 7. HP: 30/55 MP: 7/7
  2623 | D:5      | Noticed Grinder
  2644 | D:6      | Killed from afar by Grinder

Skill      XL: |  1  2  3  4  5  6 |
---------------+-------------------+-----
Axes           | 3 4 5 |  5.1
Shields        | 4 |  4.6
Dodging        | 1 |  1.4
Fighting       | 4 |  4.4
Armour         | 4 |  4.0

Action                   |  1- 3 |  4- 6 |  7- 9 || total
-------------------------+-------+-------+-------++-------
Melee: War axe           |   105 |   170 |       ||   275
  Use: Potion            |       |     6 |     2 ||     8
       Scroll            |       |     1 |       ||     1
  Eat: Chunk             |     1 |     3 |       ||     4
       Meat ration       |       |     1 |       ||     1
Armor: Scale mail        |    41 |    78 |     1 ||   120
Dodge: Dodged            |    34 |    73 |       ||   107
Block: Shield            |    50 |   111 |     1 ||   162
